 Dungeon Crawl Stone Soup version 0.28-a0-1506-g3893175d92 (webtiles) character file.

Game seed: 7405798804104405475

458 horus123 the Conjurer (level 6, -1/32 HPs)
             Began as a Deep Elf Conjurer on Jan 14, 2022.
             Was an Initiate of Vehumet.
             Slain by Grinder (7 damage)
             ... while paralysed by Grinder
             ... on level 5 of the Dungeon.
             The game lasted 00:08:35 (4682 turns).

horus123 the Conjurer (Deep Elf Conjurer)           Turns: 4682, Time: 00:08:35

Health: -1/32      AC:  5    Str:  4    XL:     6   Next: 77%
Magic:  3/15       EV:  2    Int: 25    God:    Vehumet [......]
Gold:   253        SH:  0    Dex: 13    Spells: 4/15 levels left

rFire   . . .      SeeInvis .   (no weapon)
rCold   . . .      Faith    .   (no shield)
rNeg    . . .      Spirit   .   a - +0 robe
rPois   .          Reflect  .   (no helmet)
rElec   .          Harm     .   (no cloak)
rCorr   .          Rampage  .   g - +2 pair of gloves
Will    .....                   (no boots)
Stlth   ++........              (no amulet)
HPRegen 0.10/turn               (no ring)
MPRegen 0.14/turn               (no ring)

@: paralysed, very slightly contaminated
A: no striking features
a: Renounce Religion


You were on level 5 of the Dungeon.
You worshipped Vehumet.
Vehumet was noncommittal.
You visited 2 branches of the dungeon, and saw 6 of its levels.

You collected 253 gold pieces.

Inventory:

Hand Weapons
 h - a +0 halberd of protection
Armour
 a - a +0 robe (worn)
 g - a +2 pair of gloves (worn)
Potions
 b - a potion of brilliance
 c - a potion of mutation {unknown}
 d - a potion of attraction {unknown}
 e - a potion of curing {unknown}
 f - 2 potions of lignification
 i - a potion of cancellation {unknown}
 j - a potion of ambrosia {unknown}


   Skills:
 - Level 2.4 Dodging
 - Level 2.4 Stealth
 - Level 5.0 Spellcasting
 - Level 6.2 Conjurations
 + Level 5.3 Translocations


You had 4 spell levels left.
You knew the following spells:

 Your Spells              Type           Power      Damage    Failure   Level
a - Magic Dart            Conj           100%       1d8       1%          1
b - Searing Ray           Conj           74%        2d7       1%          2
c - Iskenderun's Mystic   Conj/Tloc      35%        2d8       8%          4
d - Hailstorm             Conj/Ice       21%        3d6       22%         4

Your spell library contained the following spells:

 Spells                   Type           Power      Damage    Failure   Level
 Dazzling Flash           Conj/Hex       42%        N/A       7%          3
 Freeze                   Ice            24%        1d5       9%          1
 Corpse Rot               Necr/Air       12%        N/A       12%         2
 Poisonous Vapours        Pois/Air       12%        N/A       12%         2
 Fulminant Prism          Conj/Hex       10%        3d9       22%         4
 Frozen Ramparts          Ice            12%        1d3       24%         3
 Starburst                Conj/Fire      10%        6d5       98%         6


Dungeon Overview and Level Annotations

Branches:
Dungeon (5/15)             Temple (1/1) D:4

Altars:
Dithmenos
Fedhas
Gozag
Qazlal
Sif Muna
Uskayaw
Vehumet
Xom
Yredelemnul

Annotations:
D:5 Grinder


Message History

[Y]es or [N]o only, please.
The spell is quite dangerous to miscast (8% risk of failure)!
Continue anyway?
Okay, then.
Casting: Iskenderun's Mystic Blast (quite dangerous; 8% risk of failure)
Confirm with . or Enter, or press ? or * to list all spells.
The spell is quite dangerous to miscast (8% risk of failure)!
Continue anyway?
You erupt in a blast of force!
The mystic blast hits Grinder.
Grinder is lightly wounded.
Grinder is knocked back by the mystic blast.
Casting: Iskenderun's Mystic Blast (quite dangerous; 8% risk of failure)
Confirm with . or Enter, or press ? or * to list all spells.
Aiming: Searing Ray (safe; 1% risk of failure)
Press: ? - help, Shift-Dir - straight line, f - Grinder
Aim: Grinder (lightly wounded, 78% to hit)
The searing ray hits Grinder.
Grinder is moderately wounded. (Press . to maintain the ray.)
The searing ray hits Grinder!
Grinder is heavily wounded.
The searing ray hits Grinder!
Grinder is severely wounded.
You are no longer locked in place.
Grinder gestures at you. Pain shoots through your body!
The searing ray hits Grinder.
Grinder is almost dead.
You finish channelling your searing ray.
Grinder gestures at you.
You suddenly lose the ability to move!
Grinder says, "Just stop there for a second..."
Grinder hits you!
You writhe in agony.
* * * LOW HITPOINT WARNING * * *
Grinder hits you.
* * * LOW HITPOINT WARNING * * *
Grinder gestures at you. You resist with some effort. Grinder gestures at you.
You shrug off the repeated paralysis!
Grinder hits you!
You die...

# ## #> ### #. #.##.###
###########< ##.......
............ ......#.
#.......<.#. ##....#
#.####..#.#.
.###.>...####.####..#.##
.......5............#.#
#.....@......#####.#.#
#.......####### #.#.#
#.##....# #.#.# ....#.#
#.#.## .....##.# #.#...
..... #.# .#### ...$ #.#
.# .... #.#


You could see Grinder.

Vanquished Creatures
  A wyvern zombie (D:4)
  A water moccasin skeleton (D:4)
  A bullfrog zombie (D:5)
  A gnoll shaman (D:4)
  2 hounds
  A jelly (D:4)
  6 adders
  5 gnolls (D:4)
  A shadow imp (D:4)
  An ufetubus (D:4)
  2 adder skeletons (D:4)
  A dart slug (D:1)
  2 orcs
  7 ball pythons
  10 bats
  7 endoplasms
  4 giant cockroaches
  6 goblins
  2 hobgoblins
  2 jackals (D:4)
  3 quokkas
  3 frilled lizards
  8 kobolds
  3 rats
80 creatures vanquished.

Notes
Turn   | Place    | Note
-------+----------+-------------------------------------------
     0 | D:1      | horus123 the Deep Elf Conjurer began the quest for the Orb.
     0 | D:1      | Reached XP level 1. HP: 10/10 MP: 6/6
   185 | D:1      | Reached XP level 2. HP: 15/15 MP: 7/9
   188 | D:1      | Learned a level 2 spell: Searing Ray
  1119 | D:2      | Reached skill level 5 in Conjurations
  1124 | D:2      | Reached XP level 3. HP: 19/19 MP: 4/10
  2103 | D:3      | Found a stormy altar of Qazlal.
  2198 | D:3      | Reached skill level 5 in Spellcasting
  2213 | D:3      | Found a shimmering altar of Xom.
  2406 | D:3      | Found a shimmering blue altar of Sif Muna.
  2467 | D:3      | Reached XP level 4. HP: 24/24 MP: 11/13
  2472 | D:3      | Learned a level 4 spell: Iskenderun's Mystic Blast
  2477 | D:3      | Learned a level 4 spell: Hailstorm
  3063 | D:4      | Reached skill level 6 in Conjurations
  3063 | D:4      | Reached XP level 5. HP: 17/28 MP: 5/14
  3316 | D:4      | Reached skill level 1 in Translocations
  3433 | D:4      | Found a staircase to the Ecumenical Temple.
  3442 | Temple   | Entered the Ecumenical Temple
  3553 | Temple   | Became a worshipper of Vehumet
  3824 | D:4      | Reached XP level 6. HP: 32/32 MP: 12/15
  4465 | D:5      | Entered Level 5 of the Dungeon
  4529 | D:5      | Reached skill level 5 in Translocations
  4670 | D:5      | Noticed Grinder
  4676 | D:5      | Paralysed by Grinder for 7 turns
  4682 | D:5      | Slain by Grinder

Illustrated notes

Levels and vault maps discovered:
D:1:      zelgadis_glass_arrival_small, layout_basic
D:2:      layout_basic
D:3:      layout_basic, mainiacjoe_overflow_concentric_impassable,
          mainiacjoe_overflow_alcove_1, nicolae_overflow_crystal_walls
D:4:      layout_loops_ring, minmay_temple_entry_arrows,
          kennysheep_generic_room_12
D:5:      layout_loops_ring, nicolae_ru_great_annihilating_truth,
          minmay_misc_feat_chi, kennysheep_flooded_box, uniq_grinder
Temple:   nicolae_temple_figure_eight

Skill      XL: |  1  2  3  4  5  6 |
---------------+-------------------+-----
Spellcasting   | 4 5 |  5.0
Conjurations   | 5 6 |  6.2
Translocations | 3 5 |  5.3
Dodging        | |  2.4
Stealth        | |  2.4

Action                   |  1- 3 |  4- 6 || total
-------------------------+-------+-------++-------
 Cast: Magic Dart        |    79 |    66 ||   145
       Searing Ray       |       |    13 ||    13
       Iskenderun's Myst |       |     2 ||     2
  Use: Scroll            |       |     4 ||     4
       Potion            |       |     1 ||     1
Armor: Robe              |     1 |     2 ||     3
Dodge: Dodged            |     6 |    17 ||    23

Table legend: (Time is in decaauts)
 A = Elapsed time spent in this place.
 B = Non-inter-level travel time spent in this place.
 C = Inter-level travel time spent in this place.
 D = Time resting spent in this place.
 E = Time spent auto-exploring this place.
 F = Levels seen in this place.
 G = Mean time per level.
                   A        B        C        D        E       F      G
               +--------+--------+--------+--------+--------+-----+--------+
         Total |   4681 |   4581 |    100 |    271 |   3875 |   6 |  780.2 |
       Dungeon |   4540 |   4469 |     71 |    271 |   3769 |   5 |  908.0 |
        Temple |    140 |    111 |     29 |      0 |    106 |   1 |  140.0 |
               +--------+--------+--------+--------+--------+-----+--------+

Top non-repeatable levels by time:
     D:4: 1338 daAuts
     D:1: 1066 daAuts
     D:2: 1027 daAuts
     D:3: 891 daAuts
     D:5: 216 daAuts
  Temple: 140 daAuts
